 Dungeon Crawl Stone Soup version 0.17.0-19-gb37c632 (console) character file.

71 Garrluk the Magician (level 4, -5/24 HPs)
             Began as a Deep Elf Fire Elementalist on Nov 12, 2015.
             Killed from afar by Crazy Yiuf (7 damage)
             ... with a wand of frost
             ... on level 2 of the Dungeon.
             The game lasted 00:05:16 (1579 turns).

Garrluk the Magician (Deep Elf Fire Elementalist)   Turns: 1579, Time: 00:05:16

Health: -5/24      AC:  6    Str:  5    XL:     4   Next: 5%
Magic:  4/12       EV: 18    Int: 21    God:
Gold:   80         SH:  0    Dex: 20    Spells: 2 memorised, 7 levels left

rFire  . . .     SeeInvis .     i - +0 dagger
rCold  . . .     Clarity  .     a - +0 robe
rNeg   . . .     SustAt   .     (no shield)
rPois  .         Gourm    .     d - +2 helmet
rElec  .         Spirit   .     (no cloak)
rCorr  .         Warding  .     (no gloves)
rMut   .         Stasis   .     g - +0 pair of boots
MR     .....                    (no amulet)
Stlth  +++.......               (no ring)
                                (no ring)

@: agile, not resistant to hostile enchantments, fairly stealthy
A: no striking features
a: no special abilities


You were on level 2 of the Dungeon.
You were not hungry.

You visited 1 branch of the dungeon, and saw 2 of its levels.

You collected 80 gold pieces.

Notes
Turn   | Place    | Note
--------------------------------------------------------------
     0 | D:1      | Garrluk the Deep Elf Fire Elementalist began the quest for the Orb.
     0 | D:1      | Reached XP level 1. HP: 10/10 MP: 6/6
   162 | D:1      | Reached XP level 2. HP: 7/15 MP: 1/8
   758 | D:1      | Reached XP level 3. HP: 19/19 MP: 1/10
  1110 | D:2      | Found a shattered altar of Ashenzari.
  1280 | D:2      | Found a shimmering altar of Xom.
  1333 | D:2      | Found a snail-covered altar of Cheibriados.
  1344 | D:2      | Found a glowing silver altar of Zin.
  1420 | D:2      | Learned a level 3 spell: Conjure Flame
  1429 | D:2      | Found a sacrificial altar of Ru.
  1492 | D:2      | Reached skill level 4 in Spellcasting
  1538 | D:2      | Noticed Crazy Yiuf
  1560 | D:2      | Reached XP level 4. HP: 18/24 MP: 7/12
  1579 | D:2      | Killed from afar by Crazy Yiuf

Inventory:

Hand Weapons
 i - a +0 dagger (weapon)
   (You took it off a goblin on level 1 of the Dungeon)
Armour
 a - a +0 robe (worn)
 d - a +2 helmet (worn)
   (You found it on level 2 of the Dungeon)
 g - a +0 pair of boots (worn)
   (You found it on level 1 of the Dungeon)
Scrolls
 l - 3 scrolls of noise {unknown}
 m - a scroll of remove curse {unknown}
 o - 3 scrolls of identify {unknown}
Potions
 h - a potion of might {unknown}
 j - a potion of haste {unknown}
 k - a potion of curing {unknown}
 p - a potion of magic {unknown}
Books
 b - a book of Flames

   Spells                             Type                      Level
   a - Flame Tongue                   Conjuration/Fire             1
   b - Throw Flame                    Conjuration/Fire             2
   c - Conjure Flame                  Conjuration/Fire             3
   d - Inner Flame                    Hexes/Fire                   3
   e - Sticky Flame                   Conjuration/Fire             4
   f - Fireball                       Conjuration/Fire             5
Comestibles
 c - 2 bread rations
 f - a beef jerky
 n - a meat ration

Table legend:
 A = Turns spent in this place as a percentage of turns spent in the entire game.
 B = Non-inter-level travel turns spent in this place as a percentage of non-inter-level travel turns spent in the entire game.
 C = Inter-level travel turns spent in this place as a percentage of turns spent in this place.
 D = Turns resting spent in this place as a percentage of non-inter-level travel turns spent in this place.
 E = Turns spent auto-exploring this place as a percentage of non-inter-level travel turns spent in this place.
 F = Non-inter-level travel turns spent in this place divided by the number of levels of this place that you've seen.
                   A       B       C       D       E      F
               +-------+-------+-------+-------+-------+----------------------
         Total | 100.0 | 100.0 |   0.6 |   2.9 |  11.1 | 238.0
       Dungeon | 100.0 | 100.0 |   0.6 |   2.9 |  11.1 | 238.0
               +-------+-------+-------+-------+-------+----------------------


   Skills:
 - Level 2.4 Dodging
 - Level 2.4 Stealth
 + Level 4.0 Spellcasting
 * Level 3.1 Conjurations
 + Level 3.7 Fire Magic


You had 7 spell levels left.
You knew the following spells:

 Your Spells              Type           Power        Failure   Level  Hunger
a - Flame Tongue          Conj/Fire      ###..        3%          1    None
c - Conjure Flame         Conj/Fire      ###.....     12%         3    ###....


Dungeon Overview and Level Annotations

Branches:
Dungeon (2/15)

Altars:
Ashenzari
Cheibriados
Ru
Xom
Zin

Annotations:
D:2 Crazy Yiuf


Message History

Aim: Crazy Yiuf, wielding a quarterstaff of chaos, wearing an embroidered cloak and carrying a wand of frost {zapped: 4} The flame tongue hits Crazy Yiuf.
Crazy Yiuf appears unharmed.
Casting: Flame Tongue
Confirm with . or Enter, or press ? or * to list all spells.
Aiming: Flame Tongue
Press: ? - help, Shift-Dir - straight line, f/p - Crazy Yiuf
Aim: Crazy Yiuf, wielding a quarterstaff of chaos, wearing an embroidered cloak and carrying a wand of frost {zapped: 4} The flame tongue hits Crazy Yiuf.
Crazy Yiuf is lightly wounded.
Crazy Yiuf yells, "Snurf!"
Crazy Yiuf yells, "Snurf infinity cloud!"
Crazy Yiuf zaps a wand.
The puff of frost misses you.
Crazy Yiuf zaps a wand.
The puff of frost hits you!
Crazy Yiuf zaps a wand.
The puff of frost hits you!
* * * LOW HITPOINT WARNING * * *
Drink which item? (? for menu, Esc to quit)
It was a potion of agility.
You feel agile all of a sudden.
Crazy Yiuf zaps a wand.
The puff of frost hits you!
You die...

####........... #......####.#g.
##.##..# #.... #.#...#####...
########...#...###...
#................g†..
#..#####..#..#.##.... #..
##..#.##.##....
#.###........≈#####
##......g.###≈......
#<.@..##..##..≈.≈.≈.
......#...##...g.≈...... ....#
#...........≈##### ...
....###............ .
...#####.........###
##############.# ###..........#
.............#. ##.....###...##
..#...#...#..#.##..##....(...## #
..(..((....._#.#..###..[.(##..# #
..#...#...#..#.........)†.<##.###
.............#.............##..#.


You could see Crazy Yiuf.

Table legend:
 A = Kills in this place as a percentage of kills in entire the game.
 B = Kills by you in this place as a percentage of kills by you in the entire game.
 C = Kills by friends in this place as a percentage of kills by friends in the entire game.
 D = Other kills in this place as a percentage of other kills in the entire game.
 E = Experience gained in this place as a percentage of experience gained in the entire game.
 F = Experience gained in this place divided by the number of levels of this place that you have seen.
                   A       B       C       D       E      F
               +-------+-------+-------+-------+-------+----------------------
         Total | 100.0 | 100.0 |  -nan |  -nan | 100.0 |  51.0
       Dungeon | 100.0 | 100.0 |  -nan |  -nan | 100.0 |  51.0
               +-------+-------+-------+-------+-------+----------------------

Vanquished Creatures
  Monster Symbol All 'K'
  7 kobolds
7 creatures vanquished. All 'S' 2 adders (D:2) A ball python (D:2)
3 creatures vanquished. All 'b' 5 bats
5 creatures vanquished. All 'g' 5 goblins 5 hobgoblins
10 creatures vanquished. All 'h' 7 jackals (D:1)
7 creatures vanquished. All 'l' A giant gecko (D:1) 5 giant newts
6 creatures vanquished. All 'r' 8 rats
8 creatures vanquished. All 's' A giant cockroach (D:1)
1 creature vanquished. All 'w' 2 worms (D:2)
2 creatures vanquished.
49 creatures vanquished. Monster Nature Natural Monsters 2 adders (D:2) 2 worms (D:2) A giant gecko (D:1) A giant cockroach (D:1) 5 goblins 5 hobgoblins 7 jackals (D:1) A ball python (D:2) 5 bats 5 giant newts 7 kobolds 8 rats
49 creatures vanquished.
49 creatures vanquished. Ascending Order A giant gecko (D:1) A giant cockroach (D:1) A ball python (D:2) 2 adders (D:2) 2 worms (D:2) 5 hobgoblins 5 goblins 5 bats 5 giant newts 7 jackals (D:1) 7 kobolds 8 rats
49 creatures vanquished.

Action                   |  1- 3 |  4- 6 || total
-------------------------+-------+-------++-------
Melee: Unarmed           |     6 |       ||     6
 Cast: Flame Tongue      |    92 |     3 ||    95
       Conjure Flame     |     1 |     1 ||     2
  Use: Potion            |       |     1 ||     1
  Eat: Chunk             |     2 |       ||     2
